Beholderp, lawful female dwarven Valkyrie -------- -------------- |......| ---------- |...........^| |..>...| #.........| |............| #-......| `#`|........| |.. .........| ###-----|-- ###+.........#####|............| # # #### -------|-- #|...^.........# ### # ------ #### ### #--------------# # # |<...| # # ##########r#f####` ### # |....|### ### @@) # # # |....|# # r # ### # |....-# ### ### # # # ------ # # # ### # ## #### # # ----|- --------.-----|- #############################..>..| |..............| # # # |#...| |..............| . |....| |..............| ------ ---------------- Beholderp the Skirmisher Experience level: 3 Strength: 18/05 Dexterity: 11 Constitution: 17 Intelligence: 8 Wisdom: 9 Charisma: 7 Health: 0(34) Energy: 3(3) Def: 5 Gold: 335 Moves: 2338 Dungeon seed: jsIP_jHA3vaCBqEs Game ID: Beholderp_1520981165 Your Inventory: Coins $ - 335 gold pieces Weapons a - a corroded +1 long sword (weapon in hand) b - a +0 dagger Armor e - an uncursed +3 small shield (being worn) n - an uncursed +0 pair of gauntlets of dexterity (being worn) y - a cursed -2 chain mail Scrolls f - an uncursed scroll of teleportation m - an uncursed scroll of blank paper Potions h - 2 uncursed potions of monster detection k - an uncursed potion of sleeping Rings s - an uncursed ring of cold resistance (on left hand) Wands l - a wand of sleep (0:7) o - a wand of striking (0:1) Tools d - an uncursed tin whistle r - an uncursed leash (in use) Gems q - an uncursed flint stone Spells and supernatural/magical abilities: Name Level Category Fail Memory W - pray for help -- divine ? -- Your skills at the end: Fighting Skills Weapon Skills dagger [Basic] long sword [Basic] Spellcasting Skills Final Attributes: You were piously aligned. You were cold resistant. You were telepathic. You had infravision. You were stealthy. You were a wererat. You are dead. Vanquished creatures: a floating eye an acid blob 4 coyotes a hobbit a hobgoblin 4 giant rats a green mold a red mold 4 geckos 9 jackals a goblin 3 sewer rats a grid bug 4 lichens 10 newts 46 creatures vanquished. Voluntary challenges: You had been an atheist until turn 2013. You used a wielded weapon 33 times, starting on turn 2. You read items or engraved 5 times, starting on turn 469. You never genocided any monsters. You never polymorphed an object. You never changed form. You used no wishes. You never split a pudding. You wrote Elbereth's name 1 time, starting on turn 1057. You never violated your personal moral code. Dungeon overview: The Dungeons of Doom: levels 1 to 4 Level 1 a long staircase Level 2 a general store, a fountain Level 3 a fountain Level 4 <- You were here a sink a long staircase History has recorded: On T:1 you entered the Dungeons of Doom to retrieve the Amulet of Yendor! On T:178 you reached level 2 of The Dungeons of Doom. On T:827 you advanced to experience level 2. On T:1215 you reached level 3 of The Dungeons of Doom. On T:1890 you reached level 4 of The Dungeons of Doom. On T:1967 you advanced to experience level 3. Score breakdown: Gold: 335 ( 8593 points) Experience: 3 levels ( 7878 points) Exploration: 4 levels ( 7.69%) ( 7276 points) Discoveries: 6 items ( 2.44%) ( 4685 points) Valuables value: (no points given unless you survive) Artifact value: 0 ( 0 points) Variety of kills: 15 monsters ( 3.94%) ( 5952 points) Turncount: 2338 turns ( -231 points) Survival: died (score multiplied by 80%) Total score: 27322 Latest messages: The door resists! The door opens. You displace your kitten. The hobgoblin wields an orcish dagger! You kill the hobgoblin! The kitten bites the wererat. The wererat changes into a rat. The wererat hits the kitten. You see here an orcish dagger. You hear some noises. The wererat summons help! The sewer rat is killed! You miss the sewer rat. The sewer rat bites! The wererat bites! You feel feverish. The sewer rat is killed! You kill the sewer rat! The wererat bites! (3x) The rabid rat bites! The wererat changes into a human. The wererat bites! The rabid rat bites! (2x) The rabid rat's bite was poisoned! You die... Final status: Farvel Beholderp the Valkyrie, poisoned by a rabid rat... You died in The Dungeons of Doom on dungeon level 4 with 27322 points, and 335 pieces of gold, after 2338 moves. You were level 3 with a maximum of 34 hit points when you died.